 Dungeon Crawl Stone Soup version 0.28-a0-691-gad6df49e81 (webtiles) character file.

Game seed: 3888798783867105502

8 flyleaff the Vexing (level 2, 8/19 HPs)
             Began as a Demonspawn Enchanter on Oct 20, 2021.
             Quit the game on level 1 of the Dungeon.
             The game lasted 00:01:26 (740 turns).

flyleaff the Vexing (Demonspawn Enchanter)           Turns: 740, Time: 00:01:27

Health: 8/19       AC:  2    Str:  8    XL:     2   Next: 0%
Magic:  5/5        EV: 12    Int: 16    God:
Gold:   13         SH:  0    Dex: 13    Spells: 5/5 levels left

rFire   . . .      SeeInvis .   a - +1 dagger
rCold   . . .      Faith    .   (no shield)
rNeg    . . .      Spirit   .   b - +0 robe
rPois   .          Reflect  .   (helmet restricted)
rElec   .          Harm     .   (no cloak)
rCorr   .          Rampage  .   (no gloves)
Will    .....                   (no boots)
Stlth   ++........              (no amulet)
HPRegen 0.06/turn               (no ring)
MPRegen 0.09/turn               (no ring)

@: no status effects
A: horns 1
a: no special abilities


You were on level 1 of the Dungeon.
You visited 1 branch of the dungeon, and saw 1 of its levels.

You collected 13 gold pieces.

Inventory:

Hand Weapons
 a - a +1 dagger (weapon)
Armour
 b - a +0 robe (worn)
Potions
 c - a potion of invisibility
 d - 2 potions of haste {unknown}
 e - a potion of mutation {unknown}


   Skills:
 + Level 0.9 Short Blades
 + Level 1.8 Dodging
 + Level 2.8 Stealth
 + Level 2.0 Spellcasting
 + Level 3.4 Hexes


You had 5 spell levels left.
You didn't know any spells.
Your spell library contained the following spells:

 Spells                   Type           Power      Damage    Failure   Level
 Ensorcelled Hibernation  Hex/Ice        14%        N/A       16%         2
 Confusing Touch          Hex            12%        N/A       16%         3
 Tukima's Dance           Hex            12%        N/A       16%         3
 Dazzling Flash           Conj/Hex       14%        N/A       30%         3


Dungeon Overview and Level Annotations

Branches:
Dungeon (1/15)

Altars:


Innate Abilities, Weirdness & Mutations

You have a pair of small horns on your head.


Message History

The bat hits you.
You hit the bat.
The bat is severely wounded.
The bat barely misses you.
You hit the bat.
You kill the bat!
No target in view!
No target in view!
No target in view!
No target in view!
No target in view!
d - 2 metallic emerald potions (gained 1)
A rat comes into view.
A rat is nearby!
A frilled lizard comes into view.
The rat bites you.
You hit the rat.
The rat is moderately wounded.
The rat bites you.
You hit the rat but do no damage.
The rat is moderately wounded.
The rat completely misses you.
You hit the rat.
The rat is severely wounded.
The rat bites you but does no damage.
You hit the rat but do no damage.
The rat is severely wounded.
The frilled lizard hisses angrily.
The rat bites you.
You are too injured to fight recklessly!
You are too injured to fight recklessly!
You are too injured to fight recklessly!
You are too injured to fight recklessly!
You are too injured to fight recklessly!
You hit the rat.
You kill the rat!
You have reached level 2!
Your demonic ancestry asserts itself...
A pair of horns grows on your head!
Are you sure you want to abandon this character and quit the game? (Confirm with "yes".)

#...####....†.....###
....†.>'.............
#...####..........##
.#.## ##...>...#.#
..#.#
##.....##.###.#.
.#.## ##.............
##.# ##..##.####.# #
#..##.# #..##@#
#....†.....#
#....#.######
#.....#.# ##... .l#
##.. .## ## . .#


You could see a frilled lizard.

Vanquished Creatures
  3 bats (D:1)
  A goblin (D:1)
  2 hobgoblins (D:1)
  A frilled lizard (D:1)
  A rat (D:1)
8 creatures vanquished.

Notes
Turn   | Place    | Note
-------+----------+-------------------------------------------
     0 | D:1      | flyleaff the Demonspawn Enchanter began the quest for the
                  | Orb.
     0 | D:1      | Reached XP level 1. HP: 13/13 MP: 3/3
   740 | D:1      | Gained mutation: You have a pair of small horns on your
                  | head. [demonic ancestry]
   740 | D:1      | Reached XP level 2. HP: 8/19 MP: 5/5
   740 | D:1      | Quit the game

Illustrated notes

Levels and vault maps discovered:
D:1:      amcnicky_arrival_flooded_fountain, layout_loops_corners, serial_shops,
          shop

Action                   || total
-------------------------++-------
Melee: Dagger            ||    41
Armor: Robe              ||     9
Dodge: Dodged            ||    20

Table legend: (Time is in decaauts)
 A = Elapsed time spent in this place.
 B = Non-inter-level travel time spent in this place.
 C = Inter-level travel time spent in this place.
 D = Time resting spent in this place.
 E = Time spent auto-exploring this place.
 F = Levels seen in this place.
 G = Mean time per level.
                   A        B        C        D        E       F      G
               +--------+--------+--------+--------+--------+-----+--------+
         Total |    738 |    738 |      0 |      0 |    654 |   1 |  738.0 |
       Dungeon |    738 |    738 |      0 |      0 |    654 |   1 |  738.0 |
               +--------+--------+--------+--------+--------+-----+--------+

Top non-repeatable levels by time:
     D:1: 738 daAuts
